 Dungeon Crawl Stone Soup version 0.31.0-32-g396128a36d (webtiles) character file.

Game seed: 9553170755306804626

81 Minsecho the Conjurer (level 4, 0/23 (27) HPs)
             Began as a Tengu Reaver on Mar 15, 2024.
             Slain by an iguana (5 damage)
             ... on level 5 of the Dungeon.
             The game lasted 00:04:55 (1851 turns).

Minsecho the Conjurer (Tengu Reaver)                Turns: 1851, Time: 00:04:56

HP:   0/23 (27)     AC:  5    Str: 12    XL:     4   Next: 42%
MP:   6/8           EV: 27    Int: 14    God:
Gold: 94            SH:  5    Dex: 14    Spells: 4/7 levels left

rFire   . . .        a - +0 falchion
rCold   . . .        (no shield)
rNeg    . . .        b - +0 leather armour
rPois   .            (helmet restricted)
rElec   .            p - +0 cloak
rCorr   .            m - +0 pair of gloves
SInv    .            (boots unavailable)
Will    .....        k - amulet of reflection
Stlth   +            (no ring)
HPRegen 0.23/turn    (no ring)
MPRegen 0.11/turn

%: reflection, acrobat
@: acrobatic, very slightly contaminated, heavily drained
A: beak, talons 3, acrobatic
a: no special abilities


You were on level 5 of the Dungeon.
You visited 1 branch of the dungeon, and saw 5 of its levels.

You collected 94 gold pieces.

Inventory:

Hand Weapons
 a - a +0 falchion (weapon)
 h - a +0 spear of freezing
Armour
 b - a +0 leather armour (worn)
 m - a +0 pair of gloves (worn)
 p - a +0 cloak (worn)
Jewellery
 k - an amulet of reflection (around neck)
 l - an amulet of faith
Scrolls
 c - 3 scrolls of enchant armour {unknown}
 i - a scroll of teleportation
 j - a scroll of poison {unknown}
 o - 2 scrolls of amnesia {unknown}
 q - 2 scrolls of immolation {unknown}
 r - a scroll of revelation {unknown}
Potions
 d - 2 potions of curing
 e - a potion of lignification
 f - a potion of mutation
 g - 3 potions of enlightenment {unknown}
 n - a potion of haste {unknown}


   Skills:
 * Level 2.7 Fighting
 + Level 3.9 Long Blades
 + Level 1.2 Armour
 + Level 2.2 Dodging
 + Level 0.1 Stealth
 + Level 2.2 Spellcasting
 + Level 4.1 Conjurations
 * Level 2.1 Summonings


You had 4 spell levels left.
You knew the following spells:

 Your Spells              Type           Power      Damage    Failure   Level
a - Kiss of Death         Conj/Necr      28%        2d7       13%         1
b - Sting                 Conj/Alch      28%        1d4       13%         1
c - Summon Small Mammal   Summ           28%        N/A       12%         1

Your spell library contained the following spells:

 Spells                   Type           Power      Damage    Failure   Level
 Momentum Strike          Conj/Tloc      14%        3d8       19%         2
 Apportation              Tloc           2%         N/A       30%         1
 Necrotise                Necr           4%         1d4       30%         1
 Hailstorm                Conj/Ice       7%         3d5       36%         3
 Ensorcelled Hibernation  Hex/Ice        2%         N/A       41%         2
 Jinxbite                 Hex            2%         N/A       41%         2
 Scorch                   Fire           2%         2d5       41%         2
 Passwall                 Erth           1%         N/A       65%         3
 Swiftness                Air            1%         N/A       65%         3
 Flame Wave               Conj/Fire      7%         2d5       77%         4
 Alistair's Intoxication  Alch           0%         N/A       100%        5
 Summon Cactus Giant      Summ           3%         N/A       100%        6


Dungeon Overview and Level Annotations

Branches:
Dungeon (6/15)
 Temple: D:4-7

Altars:
Ru
Trog

Shops:
D:1 (   D:2 *(!:


Innate Abilities, Weirdness & Mutations

You have a beak for a mouth.
You have claws for feet.
You can magically evade attacks while moving or waiting.


Message History

You hit the adder. Your kick misses the adder.
The adder is heavily wounded.
Your bat closely misses the adder.
The adder bites you but does no damage.
You barely miss the adder. Your punch misses the adder.
The adder is heavily wounded.
Your bat barely misses the adder. x2; The adder bites you but does no damage.
You block the adder's attack.
You barely miss the adder.
The adder is heavily wounded.
Your bat closely misses the adder. x2; You block the adder's attack.
You closely miss the adder. Your kick misses the adder.
The adder is heavily wounded.
Your bat closely misses the adder.
The adder misses you.
You hit the adder.
You kill the adder!
Your bat closely misses the iguana.
Your bat hits the iguana but does no damage.
You hit the iguana. Your kick misses the iguana.
The iguana is moderately wounded.
Your bat hits the iguana but does no damage.
The iguana bites you!
Your bat barely misses the iguana.
You hit the iguana. You claw the iguana. You peck the iguana, but do no damage.
The iguana is heavily wounded.
Your bat hits the iguana but does no damage.
The iguana misses you.
Your bat closely misses the iguana.
The iguana attacks as it pursues you! The iguana completely misses you.
Your bat completely misses the iguana.
Casting: Summon Small Mammal (safe; 12% risk of failure)
Confirm with . or Enter, or press ? or * to list all spells.
You miscast Summon Small Mammal.
You are very lightly contaminated with residual magic.
Nothing appears to happen.
Your bat hits the iguana but does no damage.
The iguana bites you!
* * * LOW HITPOINT WARNING * * *
Found 5 gold pieces.
Your bat hits the iguana but does no damage.
Your bat closely misses the iguana.
The iguana attacks as it pursues you! The iguana bites you.
You die...

#...............
######......#.##
#.....##..#
#...........
#########.....#####..
........#.....####...
#######...###......#.
#...b.l........
#.b.###@####$#
###..b#.# ###.#..
#.#..# #.#.## .....
..... ...... .....


You could see an iguana (ally target) and a friendly bat (summoned).

Vanquished Creatures
  Robin (D:2)
  2 adders
  A ribbon worm (D:2)
  A dart slug (D:3)
  3 ball pythons
  2 endoplasms (D:2)
  A giant cockroach (D:1)
  9 goblins
  4 hobgoblins
  2 quokkas
  2 bats
  2 frilled lizards (D:1)
  A kobold (D:1)
  3 rats
34 creatures vanquished.

Vanquished Creatures (collateral kills)
  An adder (D:2)
  A hobgoblin (D:2)
  A kobold (D:2)
  2 goblins (D:1)
5 creatures vanquished.

Grand Total: 39 creatures vanquished

Notes
Turn   | Place    | Note
-------+----------+-------------------------------------------
     0 | D:1      | Minsecho the Tengu Reaver began the quest for the Orb.
     0 | D:1      | Reached XP level 1. HP: 12/12 MP: 4/4
    40 | D:1      | Learned a level 1 spell: Sting
   100 | D:1      | Learned a level 1 spell: Summon Small Mammal
   172 | D:1      | Reached XP level 2. HP: 17/17 MP: 6/6
   279 | D:1      | Found Nuiwkas's Weapon Emporium.
   486 | D:1      | Reached skill level 1 in Summonings
   607 | D:2      | Noticed Robin
   620 | D:2      | Killed Robin
   621 | D:2      | Reached XP level 3. HP: 13/21 MP: 3/7
   693 | D:2      | Found Peamon's General Store.
   697 | D:2      | Found Amif's Weapon Shoppe.
   706 | D:2      | Found Zuvav's Distillery.
   738 | D:2      | Reached skill level 1 in Armour
  1181 | D:2      | Reached XP level 4. HP: 27/27 MP: 6/8
  1247 | D:2      | Found Neasib's Book Boutique.
  1436 | D:3      | Found a bloodstained altar of Trog.
  1598 | D:3      | Found a faded altar of an unknown god.
  1658 | D:3      | Found a sacrificial altar of Ru.
  1769 | D:3      | You fall into a shaft and drop 3 floors!
  1775 | D:6      | Noticed a water moccasin
  1790 | D:5      | Entered Level 5 of the Dungeon
  1851 | D:5      | Slain by an iguana

Illustrated notes

Levels and vault maps discovered:
D:1:      wander_arrival_lonely_grave, layout_rooms, serial_shops,
          nicolae_shop_window_shopping
D:2:      layout_basic, serial_shops, nicolae_shop_just_a_little_nook, shop,
          shop, shop, grunt_decor_junction, minivault_26, st_stairs_4,
          uniq_robin
D:3:      kennysheep_goblin_castle, layout_loops_ring,
          mainiacjoe_overflow_catwalk, nicolae_ru_the_path_less_chosen,
          shapermc_ecumenical_altar_mp_ritualfount
D:5:      layout_rooms, zin_purify
D:6:      layout_rooms, sigmund_army

Skill      XL: |  1  2  3 |
---------------+----------+-----
Summonings     | 1 2 |  2.1
Armour         | 1 |  1.2
Fighting       | |  2.7
Long Blades    | |  3.9
Dodging        | |  2.2
Stealth        | |  0.1
Spellcasting   | |  2.2
Conjurations   | |  4.1

Action                     |  1- 3 |  4- 6 || total
---------------------------+-------+-------++-------
  Melee: Falchion          |    66 |    20 ||    86
         Kick              |     9 |     4 ||    13
         Peck              |     6 |     3 ||     9
   Cast: Summon Small Mamm |    15 |     6 ||    21
         Kiss of Death     |     1 |     1 ||     2
    Use: Potion            |     1 |       ||     1
         Scroll            |       |     4 ||     4
   Stab: Sleeping          |     1 |       ||     1
 Armour: Leather armour    |    31 |     7 ||    38
  Dodge: Dodged            |    43 |    17 ||    60
  Block: Other             |     3 |     4 ||     7
         Reflection        |     1 |       ||     1
